 Dungeon Crawl Stone Soup version 0.19.5 (webtiles) character file.

246 JeffiDaFish the Firebug (level 5, -8/42 HPs)
             Began as a Draconian Fire Elementalist on Apr 25, 2017.
             Was an Initiate of the Shining One.
             Mangled by Grinder (10 damage)
             ... on level 4 of the Dungeon on Apr 26, 2017.
             The game lasted 00:09:33 (2773 turns).

JeffiDaFish the Firebug (DrFE)                      Turns: 2773, Time: 00:09:33

Health: -8/42      AC:  9    Str: 10 (11) XL:     5   Next: 84%
Magic:  5/9        EV: 12    Int: 14 (15) God:    the Shining One [......]
Gold:   185        SH:  0    Dex: 10 (12) Spells: 3 memorised, 3 levels left

rFire  + . .     SeeInvis .     e - +0 spear
rCold  . . .     Gourm    .     (armour unavailable)
rNeg   . . .     Faith    .     (no shield)
rPois  .         Spirit   .     (helmet restricted)
rElec  .         Reflect  .     (no cloak)
rCorr  .         Harm     .     (no gloves)
MR     +....                    j - +2 pair of boots
Stlth  +.........               (no amulet)
                                p - ring of protection from magic
                                o - ring of protection from fire

@: about to teleport, glowing
A: unfitting armour, robust 1, shaggy fur 1, cold-blooded, subdued magic 1, AC
+5
a: Renounce Religion


You were on level 4 of the Dungeon.
You worshipped the Shining One.
The Shining One was noncommittal.
You were not hungry.

You visited 1 branch of the dungeon, and saw 4 of its levels.

You collected 185 gold pieces.

Inventory:

Hand Weapons
 e - a +0 spear (weapon)
Armour
 j - a +2 pair of boots (worn)
Jewellery
 o - a ring of protection from fire (left hand)
 p - a ring of protection from magic (right hand)
Scrolls
 g - a scroll of fog
 h - a scroll of remove curse
 l - 2 scrolls of teleportation
Potions
 k - a potion of curing
 n - a potion of haste
Books
 a - a book of Flames

   Spells                             Type                      Level
   a - Flame Tongue                   Conjuration/Fire             1
   b - Throw Flame                    Conjuration/Fire             2
   c - Conjure Flame                  Conjuration/Fire             3
   d - Inner Flame                    Hexes/Fire                   3
   e - Sticky Flame                   Conjuration/Fire             4
   f - Fireball                       Conjuration/Fire             5
Comestibles
 b - 2 bread rations
 c - a beef jerky
 d - 2 meat rations
 f - a slice of pizza
 i - 7 chunks of flesh
 m - a royal jelly
 q - 3 fruits


   Skills:
 + Level 0.7 Fighting
 + Level 1.0 Polearms
 + Level 2.5 Dodging
 + Level 2.3 Stealth
 * Level 3.3 Spellcasting
 * Level 2.6 Conjurations
 * Level 4.2 Fire Magic


You had 3 spell levels left.
You knew the following spells:

 Your Spells              Type           Power        Failure   Level  Hunger
a - Flame Tongue          Conj/Fire      #....        4%          1    #......
b - Throw Flame           Conj/Fire      #.....       8%          2    ##.....
c - Sticky Flame          Conj/Fire      #.......     54%         4    #####..


Dungeon Overview and Level Annotations

Branches:
Dungeon (4/15)
 Temple: D:4-7

Altars:
Makhleb
Okawaru
Yredelemnul
The Shining One

Annotations:
D:4 Grinder


Innate Abilities, Weirdness & Mutations

Your plain brown scales are hard. (AC +5)
You cannot fit into any form of body armour.
You are cold-blooded and may be slowed by cold attacks.
You are robust. (+10% HP)
You are covered in fur. (AC +1)
Your spells are a little easier to cast, but a little less powerful.


Message History

Grinder is lightly wounded.
Grinder is covered in liquid flames!
Grinder burns!
Grinder closely misses you. The orc barely misses you.
The orc wizard barely misses you.
Attack whom?
Press: ? - help, Dir - move target cursor, f/p - Grinder
Aim: Grinder (moderately wounded, covered in liquid flames, haloed)
You hit Grinder but do no damage.
Your tail-slap misses Grinder.
Grinder is moderately wounded.
Grinder burns! x2; The orc hits you with a whip.
Grinder hits you but does no damage.
The orc wizard casts a spell.
The orc wizard seems to speed up.
As you read the scroll of teleportation, it crumbles to dust.
You feel strangely unstable.
Grinder burns!
Grinder stops burning.
The orc wizard hits you but does no damage.
The orc priest invokes the aid of Beogh against you.
Beogh smites you!
* * * LOW HITPOINT WARNING * * *
Grinder hits you!
You die...

.#'#.# #....#
.#.#.# #....#
.#.#.# #....#
<#.#.# #....#
##.#.# #...)##
..#.# #.#...#
###)# #.#...#
...
#.#...########
#.#...@ooo....
###5o#######
...Z. #.##.##
#. #.# # #.#
#.# #.#


You could see Grinder, an orc priest, an orc wizard, 2 orcs and a bullfrog
skeleton.

Vanquished Creatures
  A hound (D:4)
  An orc wizard (D:4)
  3 orc priests (D:3)
  3 adders (D:3)
  4 leopard geckos
  8 orcs
  3 giant cockroaches
  3 goblins
  4 hobgoblins
  4 kobolds
  A quokka (D:3)
  7 bats
  5 rats
47 creatures vanquished.

Vanquished Creatures (others)
  An orc wizard (D:3)
1 creature vanquished.

Grand Total: 48 creatures vanquished

Notes
Turn   | Place    | Note
-------+----------+-------------------------------------------
     0 | D:1      | JeffiDaFish the Draconian Fire Elementalist began the quest for the Orb.
     0 | D:1      | Reached XP level 1. HP: 14/14 MP: 3/3
   162 | D:1      | Reached XP level 2. HP: 19/20 MP: 3/5
   315 | D:1      | Gained mutation: You are covered in fur. (AC +1) [potion of mutation]
   315 | D:1      | Gained mutation: You are robust. (+10% HP) [potion of mutation]
   315 | D:1      | Gained mutation: Your spells are a little easier to cast, but a little less powerful. [potion of mutation]
   433 | D:1      | Learned a level 2 spell: Throw Flame
   937 | D:2      | Found a glowing golden altar of the Shining One.
   944 | D:2      | Became a worshipper of the Shining One
  1132 | D:2      | Found a burning altar of Makhleb.
  1322 | D:2      | Reached XP level 3. HP: 28/28 MP: 3/6
  1746 | D:3      | Reached XP level 4. HP: 26/36 MP: 0/8
  1792 | D:3      | Reached skill level 1 in Polearms
  1792 | D:3      | Reached skill level 4 in Fire Magic
  1792 | D:3      | Reached XP level 5. HP: 9/42 MP: 1/9
  2295 | D:3      | Found a basalt altar of Yredelemnul.
  2566 | D:3      | Learned a level 4 spell: Sticky Flame
  2663 | D:4      | Found an iron altar of Okawaru.
  2763 | D:4      | Noticed Grinder
  2773 | D:4      | HP: 2/42 [orc priest/divine providence (14)]
  2773 | D:4      | Mangled by Grinder

Skill      XL: |  1  2  3  4 |
---------------+-------------+-----
Dodging        | 2 |  2.5
Stealth        | 2 |  2.3
Conjurations   | 2 |  2.6
Polearms       | 1 |  1.0
Spellcasting   | 3 |  3.3
Fire Magic     | 4 |  4.2
Fighting       | |  0.7

Action                   |  1- 3 |  4- 6 || total
-------------------------+-------+-------++-------
Melee: Unarmed           |     7 |       ||     7
       Tailslap          |     1 |    14 ||    15
       Spear             |    12 |    79 ||    91
 Cast: Flame Tongue      |    25 |    10 ||    35
       Throw Flame       |    15 |     7 ||    22
       Sticky Flame      |       |     1 ||     1
  Use: Scroll            |     6 |     3 ||     9
       Potion            |     8 |     5 ||    13
  Eat: Chunk             |     4 |     4 ||     8
Armor: Skin              |     8 |    37 ||    45
Dodge: Dodged            |    14 |    69 ||    83
